 Dungeon Crawl Stone Soup version 0.17-a0-1651-gae1a69f (webtiles) character file.

2046 LilCorpsy the Cleaver (level 9, -11/105 HPs)
             Began as a Minotaur Fighter on Aug 14, 2015.
             Mangled by eXcel's ghost (13 damage)
             ... on level 7 of the Dungeon.
             The game lasted 00:12:54 (6537 turns).

LilCorpsy the Cleaver (Minotaur Fighter)            Turns: 6537, Time: 00:12:54

Health: -11/105    AC: 24    Str: 24    XL:     9   Next: 4%
Magic:  1/8        EV:  2    Int:  5    God:
Gold:   415        SH:  9    Dex: 10    Spells: 0 memorised, 8 levels left

rFire  . . .     SeeInvis .     i - +1 war axe (freeze)
rCold  + . .     Clarity  .     (armour currently unavailable)
rNeg   + + +     SustAt   .     c - +0 shield
rPois  +         Gourm    .     (helmet currently unavailable)
rElec  .         Spirit   .     (cloak currently unavailable)
rCorr  .         Warding  .     (gloves currently unavailable)
rMut   .         NoTele   +     (boots currently unavailable)
MR     .....                    w - amulet of faith
Stlth  +.........               (no ring)
                                t - ring of protection from cold

@: tree-form, not resistant to hostile enchantments, very unstealthy
A: (retaliatory headbutt), (horns 0)
a: no special abilities


You were on level 7 of the Dungeon.
You were not hungry.
You were a tree.
You visited 2 branches of the dungeon, and saw 8 of its levels.

You collected 415 gold pieces.

Inventory:

Hand weapons
 i - a +1 war axe of freezing (weapon)
Armour
 c - a +0 shield (worn)
 n - a +0 pair of boots (melded)
 x - a +0 cloak (melded)
 y - the +2 ring mail of the Countless Mice (melded) {rF+ rN+ MP-9 SInv}
   (You found it on level 5 of the Dungeon)

   It protects you from fire.
   It protects you from negative energy.
   It affects your magic capacity (-9).
   It lets you see invisible.
Jewellery
 a - an uncursed amulet of guardian spirit
 t - a ring of protection from cold (left branch)
 w - an amulet of faith (around neck)
Scrolls
 b - a scroll of amnesia {unknown}
 d - a scroll of identify
 g - 2 scrolls of enchant armour {unknown}
 h - 2 scrolls of fear {unknown}
 j - 4 scrolls of enchant weapon {unknown}
 k - 4 scrolls of remove curse
 o - a scroll of teleportation {unknown}
 p - a scroll of recharging {unknown}
 r - 2 scrolls of blinking {unknown}
 s - a scroll of noise {unknown}
Books
 u - a book of Air

   Spells                             Type                      Level
   a - Shock                          Conjuration/Air              1
   b - Swiftness                      Charms/Air                   2
   c - Repel Missiles                 Charms/Air                   2
   d - Static Discharge               Conjuration/Air              3
   e - Lightning Bolt                 Conjuration/Air              5
Comestibles
 e - 3 bread rations
 m - 3 meat rations


   Skills:
 - Level 3.6 Fighting
 - Level 11.0 Axes
 * Level 9.7 Armour
 - Level 3.6 Shields


You had 8 spell levels left.
You didn't know any spells.

Dungeon Overview and Level Annotations

Branches:
Dungeon (7/15)             Temple (1/1) D:7

Altars:
Cheibriados
Elyvilon
Fedhas
Gozag
Kikubaaqudgha
Makhleb
Okawaru
Qazlal
Ru
Sif Muna
Trog
Vehumet
Xom
Yredelemnul
Zin
The Shining One

Annotations:
D:7 eXcel's ghost, experienced OgBe


Innate Abilities, Weirdness & Mutations

((You reflexively headbutt those who attack you in melee.))
((You have a pair of horns on your head.))


Message History

* * * LOW HITPOINT WARNING * * *
You hit eXcel's ghost. You freeze eXcel's ghost.
EXcel's ghost is severely damaged.
You hit the hound. You freeze the hound.
The hound is almost dead.
The hound bites you but does no damage. You block the hound's attack.
EXcel's ghost hits you but does no damage.
You barely miss eXcel's ghost.
EXcel's ghost is severely damaged.
You slash the hound! You freeze the hound.
You kill the hound!
EXcel's ghost barely misses you.
You barely miss eXcel's ghost.
EXcel's ghost is severely damaged.
EXcel's ghost shouts, "I was like you once."
You block eXcel's ghost's attack.
You hit eXcel's ghost. You freeze eXcel's ghost.
EXcel's ghost is almost destroyed.
EXcel's ghost hits you!
You die...

.... ..# .## # ..##.
.## $ ....... ..### ..
......... #...##...
######... ## ##........
# #..##.###..W...... #
#..###....♣†...... #
##..#.....†....... #
##........#........ #
#<........#...##... #
##............... ..
### #.....#..#........
. #.
##....##............
...#....###............
#.......##..........


You could see eXcel's ghost.

Vanquished Creatures
  The ghost of clown the Skirmisher, an experienced VSMo (D:6)
  Joseph (D:7)
  Edmund (D:4)
  A black bear (D:6)
  2 orc warriors
  A centaur (D:6)
  A big kobold (D:5)
  A gnoll sergeant (D:7)
  A giant frog (D:6)
  A scorpion (D:4)
  3 wights (D:6)
  A crimson imp (D:4)
  An iron imp (D:6)
  A hound (D:7)
  4 worker ants
  A hound skeleton (D:6)
  17 gnolls
  8 adders
  An ooze (D:4)
  A worm (D:2)
  6 giant geckos
  15 orcs
  5 giant cockroaches
  10 goblins
  6 hobgoblins
  24 kobolds
  2 quokkas
  2 ball pythons (D:3)
  8 bats
  3 giant newts
  3 goblin skeletons (D:4)
  2 goblin zombies (D:4)
  3 hobgoblin zombies (D:4)
  10 jackals
  A jackal zombie (D:5)
  3 kobold skeletons (D:4)
  A kobold zombie (D:4)
  2 orc skeletons (D:4)
  An orc zombie (D:4)
  A quokka skeleton (D:3)
  4 rats
161 creatures vanquished.

Notes
Turn   | Place    | Note
--------------------------------------------------------------
     0 | D:1      | LilCorpsy the Minotaur Fighter began the quest for the Orb.
     0 | D:1      | Reached XP level 1. HP: 19/19 MP: 0/0
   162 | D:1      | Reached XP level 2. HP: 23/26 MP: 1/1
   460 | D:1      | Reached skill level 4 in Axes
   814 | D:2      | Found a radiant altar of Vehumet.
   987 | D:2      | Reached XP level 3. HP: 23/31 MP: 2/2
  1297 | D:2      | Found a stormy altar of Qazlal.
  1301 | D:2      | Reached skill level 5 in Axes
  1577 | D:3      | Reached XP level 4. HP: 39/39 MP: 3/3
  2295 | D:4      | Reached skill level 6 in Axes
  2306 | D:4      | Reached XP level 5. HP: 20/45 MP: 4/4
  2571 | D:4      | Got a slimy ring mail
  2584 | D:4      | Identified the cursed +1 ring mail of the Exiled Wishes {rCorr} (You found it on level 4 of the Dungeon)
  2589 | D:4      | Found a glowing golden altar of the Shining One.
  2595 | D:4      | Noticed Edmund
  2612 | D:4      | Killed Edmund
  2612 | D:4      | Reached skill level 7 in Axes
  2612 | D:4      | Reached XP level 6. HP: 19/51 MP: 5/5
  2932 | D:4      | Found a bloodstained altar of Trog.
  2936 | D:4      | Reached skill level 8 in Axes
  3491 | D:5      | Entered Level 5 of the Dungeon
  3512 | D:5      | Found a burning altar of Makhleb.
  3546 | D:5      | Reached skill level 9 in Axes
  3815 | D:5      | Noticed an angel
  3816 | D:5      | Found a shimmering altar of Xom.
  3817 | D:5      | Found a glowing silver altar of Zin.
  3890 | D:5      | Reached XP level 7. HP: 49/57 MP: 6/6
  4206 | D:5      | Got a faintly glowing ring mail
  4208 | D:5      | Identified the +2 ring mail of the Countless Mice {rF+ rN+ MP-9 SInv} (You found it on level 5 of the Dungeon)
  4487 | D:5      | Found a deep blue altar of Sif Muna.
  4726 | D:6      | Reached skill level 10 in Axes
  5158 | D:6      | Found a snail-covered altar of Cheibriados.
  5294 | D:6      | Reached skill level 11 in Axes
  5380 | D:6      | Noticed clown's ghost (experienced VSMo)
  5392 | D:6      | Killed clown's ghost
  5392 | D:6      | Reached XP level 8. HP: 49/64 MP: 0/7
  6209 | D:7      | Found a blossoming altar of Fedhas.
  6237 | D:7      | Found a staircase to the Ecumenical Temple.
  6240 | D:7      | Noticed Joseph
  6250 | D:7      | Killed Joseph
  6256 | D:7      | Reached XP level 9. HP: 40/70 MP: 0/8
  6261 | Temple   | Entered the Ecumenical Temple
  6507 | D:7      | Noticed eXcel's ghost (experienced OgBe)
  6532 | D:7      | HP: 1/105 [eXcel's ghost (10)]
  6537 | D:7      | Mangled by eXcel's ghost

Vault maps used:
D:1:      sevenhm_arrival_forest_fort_large_2, serial_bayou_lagoon_b
D:2:      lemuel_coloured_pillars_altar, old_standard_altar, first_bread
D:4:      old_standard_altar, nicolae_tso_besieged_by_evil, serial_corexii_hall,
          corexii_hall_statues_deadend, corexii_hall_statues_i, minivault_1,
          uniq_edmund
D:5:      kennysheep_kobold_camp, grunt_temple_overflow_order_and_chaos_1,
          lemuel_round_altar, basic_altar
D:6:      slow_altar_2
D:7:      kennysheep_housing_project, kennysheep_mini, temple_statues,
          nicolae_ossuary_entry_ruins, serial_shops, shop_statue, uniq_joseph
Temple:   nicolae_temple_great_sept

Action                   |  1- 3 |  4- 6 |  7- 9 || total
-------------------------+-------+-------+-------++-------
Melee: War axe           |    92 |   173 |   135 ||   400
  Use: Potion            |       |     1 |     9 ||    10
       Scroll            |       |       |     3 ||     3
  Eat: Bread ration      |     1 |       |     2 ||     3
       Beef jerky        |       |     2 |       ||     2
       Pizza             |       |     1 |     1 ||     2
